General information
- name: BNet
- type: Ladder team game (AT/RT)
- host: Battle.net
- saver: DatAsian
map: Cherryville
- players: 8
- length: 31:25
- speed: Fast
- version: 1.26 W3XP
- replay type: Public
» download(259 KB)
Players
team 1 (winner)
fcp (
pink | 60 APM | 1870 actions | 31:22)
9 Priestess of the Moon
3 Searing Arrows
3 Trueshot Aura
1 Starfall
2 Scout
3 Keeper of the Grove
1 Entangling Roots
2 Force of Nature
4 Pit Lord
2 Rain of Fire
2 Cleaving Attack
» actions
| Assign group hotkey | 22 | |
| Basic commands | 20 | |
| Build / train | 117 | |
| Enter build submenu | 22 | |
| Enter hero's abilities submenu | 16 | |
| Give item / drop item | 7 | |
| Right click | 757 | |
| Select / deselect | 603 | |
| Select group hotkey | 240 | |
| Use ability | 66 | |
1870 total
» units
| Wisp | 26 | |
| Archer | 22 | |
| Hippogryph | 15 | |
63 total
» upgrades
| Improved Bows | 1 | |
| Hippogryph Taming | 1 | |
| Strength of the Moon | 3 | |
| Marksmanship | 1 | |
| Moon Armor | 2 | |
| Nature's Blessing | 1 | |
| Well Spring | 1 | |
10 total
» buildings
| Altar of Elders | 3 | |
| Ancient of War | 3 | |
| Moon Well | 8 | |
| Tree of Ages | 1 | |
| Tree of Life | 3 | |
| Ancient of Wind | 3 | |
| Ancient of Wonders | 1 | |
| Hunter's Hall | 1 | |
| Tree of Eternity | 1 | |
24 total
» build order
00:13 Altar of Elders
00:21 Ancient of War
00:24 Moon Well
01:34 Moon Well
02:01 Ancient of War
03:03 Moon Well
03:58 Tree of Ages
04:29 Tree of Life
04:45 Moon Well
05:32 Moon Well
06:29 Ancient of Wind
06:46 Ancient of Wind
06:49 Ancient of Wind
08:12 Ancient of Wonders
10:05 Hunter's Hall
10:59 Tree of Eternity
11:03 Moon Well
12:51 Moon Well
20:00 Moon Well
21:51 Tree of Life
22:32 Altar of Elders
25:08 Altar of Elders
25:38 Ancient of War
28:07 Tree of Life
» items
| Scroll of Healing | 4 | |
| Boots of Speed | 3 | |
| Scroll of Town Portal | 7 | |
| Potion of Healing | 2 | |
| Orb of Venom | 2 | |
| Staff of Teleportation | 3 | |
| Scroll of Regeneration | 2 | |
23 total
in2Deep (
purple | 113 APM | 3560 actions | 31:22)
9 Blademaster
3 Wind Walk
3 Critical Strike
1 Bladestorm
2 Mirror Image
» actions
| Assign group hotkey | 23 | |
| Basic commands | 2 | |
| Build / train | 89 | |
| Enter build submenu | 13 | |
| Enter hero's abilities submenu | 9 | |
| Give item / drop item | 2 | |
| Remove unit from queue | 7 | |
| Right click | 2044 | |
| Select / deselect | 287 | |
| Select group hotkey | 938 | |
| Use ability | 146 | |
3560 total
» units
| Peon | 7 | |
| Wind Rider | 4 | |
| Raider | 6 | |
| Troll Batrider | 22 | |
39 total
» upgrades
| Armor | 2 | |
| Envenomed Spears | 1 | |
| Ranged Weapons | 0 | |
| Reinforced Defenses | 0 | |
| Ensnare | 1 | |
| Pillage | 1 | |
| Melee Weapons | 3 | |
| Liquid Fire | 1 | |
9 total
» buildings
| Altar of Storms | 1 | |
| Orc Burrow | 6 | |
| Voodoo Lounge | 1 | |
| War Mill | 1 | |
| Stronghold | 3 | |
| Fortress | 2 | |
| Beastiary | 2 | |
16 total
» build order
00:05 Altar of Storms
00:18 Orc Burrow
00:34 Voodoo Lounge
01:22 War Mill
02:35 Stronghold
02:35 Stronghold
03:29 Orc Burrow
05:01 Fortress
05:01 Fortress
05:57 Beastiary
05:58 Beastiary
06:43 Orc Burrow
07:36 Orc Burrow
11:25 Orc Burrow
13:43 Orc Burrow
» items
| Healing Salve | 3 | |
| Lesser Clarity Potion | 6 | |
| Orb of Lightning | 1 | |
| Boots of Speed | 1 | |
| Potion of Lesser Invulnerability | 2 | |
| Scroll of Town Portal | 2 | |
15 total

»
xxeman (
blue | 77 APM | 2420 actions | 31:22)
7 Mountain King
3 Storm Bolt
3 Bash
1 Avatar
6 Paladin
3 Holy Light
2 Divine Shield
1 Resurrection
» actions
| Build / train | 119 | |
| Enter build submenu | 29 | |
| Enter hero's abilities submenu | 13 | |
| Remove unit from queue | 4 | |
| Right click | 1611 | |
| Select / deselect | 542 | |
| Use ability | 102 | |
2420 total
» units
| Peasant | 13 | |
| Footman | 6 | |
| Rifleman | 14 | |
| Priest | 13 | |
| Mortar Team | 7 | |
| Siege Engine | 11 | |
64 total
» upgrades
| Gunpowder | 2 | |
| Priest Training | 2 | |
| Barrage | 1 | |
| Flare | 1 | |
| Fragmentation Shards | 1 | |
| Long Rifles | 1 | |
| Armor | 3 | |
11 total
» buildings
| Altar of Kings | 1 | |
| Farm | 11 | |
| Barracks | 1 | |
| Lumber Mill | 1 | |
| Scout Tower | 7 | |
| Arcane Tower | 2 | |
| Arcane Vault | 1 | |
| Guard Tower | 5 | |
| Keep | 1 | |
| Town Hall | 2 | |
| Blacksmith | 1 | |
| Arcane Sanctum | 1 | |
| Castle | 1 | |
| Workshop | 2 | |
37 total
» build order
00:11 Altar of Kings
00:17 Farm
00:30 Barracks
00:56 Farm
01:34 Farm
02:04 Lumber Mill
02:15 Scout Tower
02:45 Scout Tower
02:47 Arcane Tower
03:18 Arcane Vault
03:20 Guard Tower
03:51 Keep
04:33 Town Hall
04:51 Farm
05:09 Blacksmith
05:37 Farm
06:42 Arcane Sanctum
08:55 Castle
09:57 Workshop
10:06 Scout Tower
10:08 Scout Tower
10:12 Scout Tower
10:33 Guard Tower
10:37 Scout Tower
10:39 Arcane Tower
10:41 Guard Tower
10:56 Workshop
11:12 Scout Tower
11:13 Guard Tower
11:43 Guard Tower
11:49 Farm
14:00 Farm
14:42 Farm
16:39 Farm
20:38 Farm
28:44 Farm
28:54 Town Hall
» items
| Scroll of Regeneration | 4 | |
| Boots of Speed | 2 | |
| Scroll of Town Portal | 3 | |
| Potion of Healing | 2 | |
| Potion of Mana | 2 | |
| Potion of Lesser Invulnerability | 1 | |
| Periapt of Vitality | 1 | |
| Scroll of Healing | 1 | |
16 total

»
DatAsian (
green | 49 APM | 1536 actions | 31:25)
5 Archmage
3 Blizzard
2 Brilliance Aura
» actions
| Assign group hotkey | 78 | |
| Basic commands | 134 | |
| Build / train | 86 | |
| Enter build submenu | 37 | |
| Enter hero's abilities submenu | 5 | |
| Give item / drop item | 2 | |
| Right click | 498 | |
| Select / deselect | 262 | |
| Select group hotkey | 274 | |
| Use ability | 160 | |
1536 total
» units
| Peasant | 15 | |
| Footman | 3 | |
| Mortar Team | 12 | |
| Sorceress | 3 | |
| Siege Engine | 7 | |
40 total
» upgrades
| Masonry | 2 | |
| Lumber Harvesting | 2 | |
| Gunpowder | 3 | |
| Armor | 3 | |
| Magic Sentry | 1 | |
| Sorceress Training | 2 | |
| Fragmentation Shards | 1 | |
| Flare | 1 | |
| Barrage | 1 | |
| Plating | 2 | |
| Swords | 1 | |
19 total
» buildings
| Altar of Kings | 1 | |
| Farm | 11 | |
| Scout Tower | 11 | |
| Barracks | 1 | |
| Arcane Tower | 1 | |
| Lumber Mill | 1 | |
| Keep | 1 | |
| Arcane Vault | 1 | |
| Guard Tower | 6 | |
| Blacksmith | 1 | |
| Castle | 1 | |
| Arcane Sanctum | 1 | |
| Workshop | 2 | |
| Town Hall | 3 | |
42 total
» build order
00:31 Altar of Kings
00:37 Farm
00:50 Scout Tower
01:18 Barracks
01:43 Arcane Tower
01:47 Farm
02:15 Scout Tower
02:18 Scout Tower
02:50 Lumber Mill
03:29 Keep
03:44 Arcane Vault
03:55 Farm
03:56 Farm
04:00 Guard Tower
04:50 Blacksmith
06:23 Castle
06:46 Arcane Sanctum
06:50 Workshop
06:53 Workshop
10:46 Farm
10:48 Farm
10:49 Farm
10:51 Farm
11:27 Town Hall
11:28 Scout Tower
11:31 Scout Tower
12:31 Farm
12:35 Farm
13:34 Guard Tower
13:37 Guard Tower
16:40 Farm
17:26 Scout Tower
17:27 Scout Tower
17:52 Town Hall
17:56 Guard Tower
17:59 Guard Tower
23:48 Town Hall
23:49 Scout Tower
23:50 Scout Tower
23:51 Scout Tower
23:53 Scout Tower
25:17 Guard Tower
» items
| Scroll of Regeneration | 3 | |
| Lesser Clarity Potion | 2 | |
| Staff of Teleportation | 1 | |
| Boots of Speed | 1 | |
| Potion of Healing | 1 | |
| Orb of Lightning | 1 | |
| Scroll of Town Portal | 3 | |
12 total
team 2 (loser)
mtldemolition (
yellow | 31 APM | 959 actions | 31:21)
5 Paladin
1 Holy Light
1 Divine Shield
3 Devotion Aura
2 Goblin Tinker
2 Robo-Goblin
1 Death Knight
1 Animate Dead
1 Firelord
1 Volcano
» actions
| Basic commands | 1 | |
| Build / train | 97 | |
| Enter build submenu | 25 | |
| Enter hero's abilities submenu | 8 | |
| Remove unit from queue | 2 | |
| Right click | 356 | |
| Select / deselect | 377 | |
| Use ability | 93 | |
959 total
» units
| Peasant | 8 | |
| Footman | 12 | |
| Siege Engine | 15 | |
| Knight | 9 | |
| Crypt Fiend | 5 | |
| Frost Wyrm | 3 | |
52 total
» upgrades
| Defend | 1 | |
| Lumber Harvesting | 2 | |
| Plating | 3 | |
| Barrage | 1 | |
| Gunpowder | 2 | |
| Swords | 1 | |
| Freezing Breath | 1 | |
11 total
» buildings
| Farm | 6 | |
| Altar of Kings | 1 | |
| Barracks | 1 | |
| Scout Tower | 5 | |
| Lumber Mill | 1 | |
| Arcane Tower | 3 | |
| Arcane Vault | 1 | |
| Keep | 1 | |
| Blacksmith | 1 | |
| Castle | 1 | |
| Workshop | 2 | |
| Guard Tower | 3 | |
| Necropolis | 1 | |
| Spirit Tower | 5 | |
| Ziggurat | 6 | |
38 total
» build order
00:18 Farm
00:24 Altar of Kings
00:46 Barracks
01:06 Farm
01:42 Scout Tower
01:56 Scout Tower
02:13 Farm
02:19 Lumber Mill
03:15 Arcane Tower
03:16 Arcane Tower
03:18 Arcane Tower
03:45 Farm
04:29 Arcane Vault
04:51 Keep
06:02 Blacksmith
07:14 Castle
07:21 Workshop
07:36 Scout Tower
08:12 Guard Tower
08:15 Scout Tower
08:51 Guard Tower
08:59 Workshop
11:49 Farm
13:38 Farm
22:17 Scout Tower
22:47 Guard Tower
25:37 Necropolis
25:39 Spirit Tower
26:27 Spirit Tower
27:23 Ziggurat
27:29 Ziggurat
27:34 Ziggurat
28:19 Spirit Tower
28:26 Ziggurat
28:28 Spirit Tower
28:36 Ziggurat
28:40 Spirit Tower
28:44 Ziggurat
» items
| Scroll of Town Portal | 3 | |
| Potion of Healing | 4 | |
| Orb of Fire | 1 | |
8 total

»
ChiefReturns (
red | 36 APM | 879 actions | 24:30)
5 Death Knight
3 Unholy Aura
2 Death Coil
» actions
| Build / train | 55 | |
| Enter build submenu | 19 | |
| Enter hero's abilities submenu | 4 | |
| Give item / drop item | 2 | |
| Right click | 413 | |
| Select / deselect | 360 | |
| Use ability | 26 | |
879 total
» units
| Acolyte | 8 | |
| Ghoul | 4 | |
| Crypt Fiend | 4 | |
| Gargoyle | 7 | |
| Frost Wyrm | 9 | |
32 total
» upgrades
| Creature Attack | 3 | |
| Creature Carapace | 3 | |
| Web | 1 | |
| Freezing Breath | 1 | |
8 total
» buildings
| Ziggurat | 9 | |
| Altar of Darkness | 1 | |
| Crypt | 1 | |
| Graveyard | 1 | |
| Tomb of Relics | 1 | |
| Nerubian Tower | 2 | |
| Halls of the Dead | 1 | |
| Spirit Tower | 2 | |
| Sacrificial Pit | 1 | |
| Black Citadel | 1 | |
| Boneyard | 2 | |
| Necropolis | 1 | |
23 total
» build order
00:07 Ziggurat
00:08 Altar of Darkness
00:36 Crypt
01:04 Graveyard
01:23 Ziggurat
02:12 Tomb of Relics
02:18 Nerubian Tower
03:06 Ziggurat
05:01 Halls of the Dead
07:07 Spirit Tower
08:38 Ziggurat
08:44 Ziggurat
08:46 Ziggurat
08:57 Sacrificial Pit
09:00 Black Citadel
09:51 Spirit Tower
11:28 Boneyard
11:30 Boneyard
12:51 Ziggurat
12:54 Ziggurat
16:03 Nerubian Tower
19:16 Necropolis
19:49 Ziggurat
» items
| Rod of Necromancy | 1 | |
| Dust of Appearance | 1 | |
| Orb of Corruption | 1 | |
3 total

»
IGotGoodKarma (
orange | 31 APM | 756 actions | 24:42)
5 Firelord
3 Summon Lava Spawn
2 Soul Burn
» actions
| Basic commands | 5 | |
| Build / train | 62 | |
| Enter build submenu | 18 | |
| Enter hero's abilities submenu | 6 | |
| Give item / drop item | 1 | |
| Remove unit from queue | 3 | |
| Right click | 291 | |
| Select / deselect | 330 | |
| Use ability | 40 | |
756 total
» units
| Acolyte | 4 | |
| Ghoul | 4 | |
| Crypt Fiend | 11 | |
| Gargoyle | 7 | |
| Frost Wyrm | 13 | |
39 total
» upgrades
| Creature Carapace | 2 | |
| Creature Attack | 3 | |
| Web | 1 | |
6 total
» buildings
| Ziggurat | 9 | |
| Altar of Darkness | 1 | |
| Crypt | 1 | |
| Graveyard | 1 | |
| Spirit Tower | 4 | |
| Nerubian Tower | 2 | |
| Halls of the Dead | 1 | |
| Sacrificial Pit | 1 | |
| Black Citadel | 1 | |
| Boneyard | 3 | |
24 total
» build order
00:05 Ziggurat
00:31 Altar of Darkness
00:46 Crypt
01:06 Graveyard
01:47 Ziggurat
03:56 Ziggurat
05:30 Spirit Tower
05:57 Nerubian Tower
06:29 Ziggurat
07:17 Halls of the Dead
09:04 Ziggurat
09:06 Ziggurat
09:09 Ziggurat
09:44 Sacrificial Pit
09:56 Black Citadel
10:05 Spirit Tower
10:08 Spirit Tower
12:33 Boneyard
12:41 Boneyard
12:49 Boneyard
16:08 Ziggurat
17:36 Ziggurat
17:41 Spirit Tower
17:43 Nerubian Tower

»
PROTATO (
teal | 169 APM | 4361 actions | 25:51)
5 Goblin Tinker
2 Pocket Factory
2 Engineering Upgrade
1 Cluster Rockets
» actions
| Assign group hotkey | 356 | |
| Basic commands | 266 | |
| Build / train | 100 | |
| ESC pressed | 10 | |
| Enter build submenu | 47 | |
| Enter hero's abilities submenu | 5 | |
| Give item / drop item | 2 | |
| Right click | 1963 | |
| Select / deselect | 740 | |
| Select group hotkey | 751 | |
| Use ability | 121 | |
4361 total
» units
| Wisp | 52 | |
| Archer | 6 | |
| Huntress | 2 | |
| Dryad | 6 | |
| Hippogryph | 4 | |
| Druid of the Claw | 1 | |
| Druid of the Talon | 5 | |
76 total
» upgrades
| Strength of the Wild | 1 | |
| Reinforced Hides | 1 | |
| Nature's Blessing | 1 | |
| Druid of the Talon Training | 1 | |
| Abolish Magic | 1 | |
| Druid of the Claw Training | 1 | |
6 total
» buildings
| Moon Well | 8 | |
| Altar of Elders | 3 | |
| Ancient of War | 1 | |
| Hunter's Hall | 1 | |
| Tree of Life | 3 | |
| Ancient Protector | 21 | |
| Tree of Ages | 1 | |
| Ancient of Lore | 2 | |
| Ancient of Wind | 3 | |
| Tree of Eternity | 2 | |
45 total
» build order
00:25 Moon Well
00:50 Altar of Elders
00:54 Ancient of War
01:38 Altar of Elders
02:14 Moon Well
02:43 Moon Well
03:18 Moon Well
04:00 Hunter's Hall
05:42 Tree of Life
05:45 Ancient Protector
05:45 Ancient Protector
06:13 Ancient Protector
06:40 Ancient Protector
06:41 Ancient Protector
07:08 Tree of Ages
09:39 Ancient of Lore
09:49 Ancient Protector
09:50 Ancient Protector
11:00 Ancient Protector
11:00 Ancient Protector
11:08 Ancient Protector
11:08 Ancient Protector
11:18 Ancient of Wind
11:33 Ancient of Wind
11:38 Ancient Protector
11:38 Ancient Protector
11:43 Ancient of Wind
12:01 Ancient Protector
14:24 Moon Well
14:25 Moon Well
15:40 Tree of Life
16:34 Ancient Protector
16:37 Ancient Protector
19:46 Tree of Life
19:52 Ancient Protector
19:53 Ancient Protector
19:53 Ancient Protector
19:54 Ancient Protector
19:56 Altar of Elders
20:02 Ancient Protector
21:02 Moon Well
21:47 Tree of Eternity
21:47 Tree of Eternity
23:28 Moon Well
» items
| Boots of Speed | 1 | |
| Staff of Teleportation | 1 | |
| Potion of Invisibility | 1 | |
| Potion of Lesser Invulnerability | 1 | |
| Scroll of Town Portal | 1 | |
| Potion of Healing | 1 | |
| Potion of Mana | 1 | |
7 total
Chat log
(00:11 / All) DatAsian: Im gonna use this name to post on the tech support forum later, heh
(00:15 / All) PROTATO: LOL
(00:23 / All) DatAsian: will just result in another one of kerrigores cdkeys getting banned, but eh so what
(00:29 / All) PROTATO: I like the way DatAsian thinks!
(00:44 / Allies) in2Deep: waddup
(00:47 / Allies) DatAsian: nm
(00:49 / Allies) in2Deep: what we doing?
(00:51 / Allies) in2Deep: im teching
(00:53 / Allies) DatAsian: we are playing wc3
(01:00 / Allies) DatAsian: in RANDOM TEAM!!
(01:03 / Allies) in2Deep: i forget
(01:04 / All) PROTATO: im gonna make the weakest army possible
(01:05 / Allies) in2Deep: these things
(01:07 / All) PROTATO: just to give you a chance
(01:08 / Allies) in2Deep: <----- stoned
(01:11 / All) DatAsian: thanks <3
(01:30 / Allies) in2Deep: who r some good rappers
(01:35 / Allies) in2Deep: that are more unknown
(01:40 / Allies) DatAsian: maximusblack
(01:48 / Allies) in2Deep: u fuckin w me?
(01:52 / Allies) in2Deep: or i it a real rapper
(01:57 / Allies) DatAsian: real rapper
(02:01 / Allies) in2Deep: ight
(02:03 / Allies) DatAsian: go youtube him
(02:04 / Allies) in2Deep: ill check him out
(02:26 / All) DatAsian: hellowisp
(02:31 / Allies) in2Deep: what kind of mainstream rap u listen to?
(03:00 / Allies) in2Deep: fuckin pally
(03:05 / Allies) in2Deep: gna heal peasnts
(03:08 / Allies) in2Deep: if hes good
(03:36 / Allies) in2Deep: its rly not that hard to be good at this game
(03:42 / Allies) in2Deep: as long as ur not a dumbass
(04:30 / Allies) in2Deep: wyvs, btw
(04:36 / Allies) DatAsian: mortars
(04:43 / Allies) in2Deep: melee any1?
(04:49 / Allies) in2Deep: blue knights
(04:50 / Allies) in2Deep: pls
(05:16 / All) PROTATO: gtfo
(06:27 / All) in2Deep: yellow
(06:30 / All) in2Deep: that was bad
(06:41 / All) DatAsian: ghetto, wtf was that, lol
(06:43 / All) PROTATO: KINDA LIEK UR MOM
(06:44 / All) PROTATO: LAWL
(06:54 / All) PROTATO: fine with me
(06:56 / All) PROTATO: i did what i wanted
(07:01 / Allies) in2Deep: wood pls
(07:03 / Allies) in2Deep: gna need it
(07:18 / Allies) in2Deep: plssss
(07:20 / Allies) in2Deep: wood
(07:24 / All) DatAsian: ghetto, you're not allowed to say urmomlawl jokes
(07:27 / All) DatAsian: not as a webadmin
(07:42 / All) PROTATO: KIDNA LIEK UR MOM
(08:56 / All) in2Deep: again,
(09:00 / All) in2Deep: im disappointed yellow
(09:04 / All) PROTATO: 1-0
(09:05 / All) PROTATO: lol
(09:06 / All) PROTATO: i care
(09:52 / All) in2Deep: alt is bigt92
(09:56 / All) in2Deep: bigt92.
(10:01 / All) in2Deep: if that means anything to u
(10:05 / All) PROTATO: 61-36
(10:06 / All) PROTATO: lol
(10:08 / All) PROTATO: im 401-0
(10:10 / All) PROTATO: on my disc hack account
(10:11 / All) PROTATO: idiot
(10:16 / All) in2Deep: u sound mad
(10:22 / All) PROTATO: im pissed
(10:22 / All) DatAsian: he is very mad
(10:22 / All) in2Deep: chill
(10:24 / All) in2Deep: shit
(10:24 / All) in2Deep: lol
(10:25 / All) PROTATO: cause a democrat is president
(10:25 / All) DatAsian: so mad he is calm
(11:05 / All) DatAsian: reported for dryads
(11:12 / All) in2Deep: lolol
(11:12 / All) PROTATO: understood
(14:01 / Allies) in2Deep: stay out of tanks range with air
(14:03 / Allies) in2Deep: obviously
(17:09 / All) PROTATO: why hack
(17:15 / All) in2Deep: rly?
(17:18 / All) in2Deep: scouting for an expo?
(17:29 / All) PROTATO: sorry dont care what hackers say
(17:30 / All) PROTATO: owned
(17:34 / All) in2Deep: ok.
(17:56 / All) in2Deep: uh oh
(18:04 / All) in2Deep: sry
(18:08 / All) PROTATO: 1v1 me
(18:10 / All) PROTATO: on call of duty
(18:11 / All) PROTATO: or stfu
(18:14 / All) in2Deep: lol
(18:16 / All) DatAsian: ghetto why are you getting the units mine counter? lol
(18:28 / All) in2Deep: bettin bats
(18:30 / All) PROTATO: because i play for fun
(18:31 / All) PROTATO: obviously
(18:31 / All) in2Deep: getting
(18:34 / All) in2Deep: rly?
(18:36 / All) in2Deep: so do i
(18:40 / All) in2Deep: raping ppl like u
(18:48 / All) PROTATO: nah fuck it dont 1v1 me on call of duty
(18:50 / All) PROTATO: 1v1 me on madden 05
(18:51 / All) PROTATO: or stfu
(18:55 / All) in2Deep: domt play those
(18:56 / All) in2Deep: sry
(19:02 / All) in2Deep: ill play u in wc
(19:08 / All) PROTATO: lol some hardcore gamer you are
(19:11 / All) PROTATO: dont play cod or madden
(19:15 / All) in2Deep: nah
(19:17 / Allies) DatAsian: reds mains gone
(19:20 / All) in2Deep: rly dont play a whole of this either
(19:31 / All) in2Deep: i play cod
(19:39 / All) in2Deep: when other ppl have it
(19:46 / All) in2Deep: u kno
(20:12 / All) in2Deep: b
(20:13 / All) in2Deep: lolol
(20:17 / All) in2Deep: definetly
(22:08 / All) PROTATO: yeah purple
(22:10 / All) PROTATO: your blademaster
(22:11 / All) PROTATO: turns invisible
(22:14 / All) PROTATO: and appears out of nowhere
(22:18 / All) PROTATO: you're not hacking
(22:19 / All) PROTATO: okay
(22:20 / All) DatAsian: Im purple?
(22:27 / All) ChiefReturns: no youre green
(22:28 / All) PROTATO: um no that hack is different
(22:30 / Allies) in2Deep: ???
(22:33 / All) DatAsian: oh
(22:36 / All) in2Deep: lolwut?
(22:42 / All) in2Deep: ru serious right now
(22:45 / All) PROTATO: this game is a joke
(22:46 / All) in2Deep: GOOD EXCUSE
(22:47 / All) PROTATO: and you're a hacker
(22:52 / All) in2Deep: watch replay
(22:57 / All) in2Deep: and i call that out otany1 in this game
(23:00 / All) in2Deep: i dont cheat
(23:08 / All) DatAsian: i call obs
(23:10 / All) PROTATO: everyone is hacking left and right
(23:13 / All) PROTATO: army appears out of nowhere
(23:15 / All) PROTATO: next to the town hall
(23:15 / All) in2Deep: watch it for urselves and decide
(23:17 / All) PROTATO: seriously
(23:19 / All) PROTATO: it's a joke
(23:20 / All) in2Deep: dog
(23:27 / All) in2Deep: w/e
(23:38 / All) DatAsian: um ghetto
(23:41 / All) DatAsian: why isnt your hall T3
(23:45 / All) in2Deep: iknow what its like to get mad and lose
(23:50 / All) in2Deep: lol
(23:55 / All) in2Deep: dont make bullshit excuses
(23:58 / All) PROTATO: why did people colonize new zealand
(24:01 / All) PROTATO: no one knows
(24:05 / All) DatAsian: who knows, its a shit country
(24:23 / All) ChiefReturns: well this has been fun, but im about to enable my altqq hack
(24:28 / All) PROTATO: lol
(24:29 / All) PROTATO: everyone hacks
(24:31 / All) PROTATO: in this game
(24:35 / All) in2Deep: watch replay
(24:39 / All) in2Deep: and call it for urself
(24:46 / All) PROTATO: im fucking with you
(24:46 / All) PROTATO: gg
(24:49 / All) PROTATO: alright teelo im out
(24:52 / All) DatAsian: lol ghetto
(24:53 / All) in2Deep: gg
(24:54 / All) DatAsian: thanks for the game man
(24:55 / All) in2Deep: no hate
(24:59 / All) in2Deep: between us
(25:00 / All) PROTATO: ggs
(25:02 / All) PROTATO: si
(25:08 / All) PROTATO: this is a 0-0 smurf account
(25:10 / All) PROTATO: And you're on a 1-0 account
(25:11 / All) in2Deep: and i jst rsan into reds base
(25:13 / All) PROTATO: no reason to be mad
(25:15 / All) PROTATO: for anything
(25:18 / All) in2Deep: i jst made this
(25:19 / All) in2Deep: acc
(25:20 / All) PROTATO: yeah
(25:21 / All) in2Deep: so i could find games
(25:28 / All) in2Deep: search time is a bitch
(25:29 / All) PROTATO: np, ditto here
(25:32 / All) in2Deep: this game does suck for that
(25:33 / All) PROTATO: me and green searched together
(25:41 / All) PROTATO: but yeah
(25:42 / All) PROTATO: uh
(25:43 / All) in2Deep: yeah
(25:44 / All) in2Deep: gg
(25:47 / All) PROTATO: hf teelo
(25:50 / All) PROTATO: WTF IM BEING DISC HACKED
(25:51 / All) DatAsian: cya
(26:53 / All) in2Deep: my lvl 9 bm
(26:57 / All) in2Deep: is gna b a bitch
(26:58 / All) in2Deep: for u
(27:00 / All) in2Deep: u know
(27:07 / All) in2Deep: i know ur thinking we gotta kill that fuckin bm
(27:11 / All) in2Deep: lolol
(27:12 / All) DatAsian: tempted to teamkill purp just for fun
(27:21 / All) in2Deep: should do it
(27:26 / All) DatAsian: k
(27:26 / All) in2Deep: games over
(27:35 / All) in2Deep: i take the satisfaction in the fact that we owned them
(27:40 / All) in2Deep: dont care about rec
(27:50 / All) DatAsian: well yeah im on a 0-0 smurf account
(27:51 / All) DatAsian: neither do i
(27:59 / All) in2Deep: so jst sain
(28:02 / All) in2Deep: u can do what u want
(28:04 / All) mtldemolition: just come fight big mouth
(28:21 / All) in2Deep: i will
(28:23 / All) in2Deep: lol
(28:31 / All) in2Deep: gna get an invul pot
(28:32 / All) in2Deep: first
(28:50 / All) mtldemolition: starfall
(29:08 / All) mtldemolition: come
(29:16 / All) mtldemolition: finish that
(29:31 / All) DatAsian: fuck this is boring...
(31:02 / All) mtldemolition: big mouth
(31:16 / All) mtldemolition: i win bye